 Dungeon Crawl Stone Soup version 0.30-a0-772-g5528072125 (webtiles) character file.

Game seed: 15530049830580648563

293 avis the Shooter (level 5, 0/45 HPs)
             Began as a Demigod Hunter on Feb 12, 2023.
             Slain by an orc priest
             ... wielding a +0 mace
              (5 damage)
             ... on level 3 of the Dungeon.
             The game lasted 00:12:26 (1824 turns).

avis the Shooter (Demigod Hunter)                   Turns: 1824, Time: 00:12:27

Health: 0/45       AC:  5    Str: 12    XL:     5   Next: 84%
Magic:  7/7        EV: 12    Int: 11    God:
Gold:   2          SH:  0    Dex: 21    Spells: 4/4 levels left

rFire   . . .      SeeInvis .    a - +0 shortbow
rCold   . . .      Faith    .    (shield currently unavailable)
rNeg    . . .      Spirit   .    n - +2 leather armour {rPois}
rPois   +          Reflect  .    (no helmet)
rElec   .          Harm     .    (no cloak)
rCorr   .          Rampage  .    (no gloves)
Will    .....                    (no boots)
Stlth   ++                       (no amulet)
HPRegen 0.27/turn                (no ring)
MPRegen 0.10/turn                (no ring)

@: lethally poisoned (0 -> -1)
A: high MP 1, forlorn, divine attributes
a: no special abilities


You were on level 3 of the Dungeon.
You visited 1 branch of the dungeon, and saw 3 of its levels.

You collected 72 gold pieces.
You spent 70 gold pieces at shops.

Inventory:

Hand Weapons
 a - a +0 shortbow (weapon)
Armour
 c - a +0 leather armour
 n - a +2 leather armour of poison resistance (worn)
 s - a +3 leather armour
Magical Staves
 o - a staff of conjuration
Scrolls
 b - a scroll of immolation
 d - 2 scrolls of vulnerability {unknown}
 f - 4 scrolls of identify
 g - a scroll of acquirement {unknown}
 i - a scroll of summoning {unknown}
 k - 2 scrolls of teleportation {unknown}
 m - 5 scrolls of noise
 r - a scroll of poison
Potions
 e - a potion of heal wounds
 h - a potion of haste
 j - a potion of attraction
 l - a potion of curing
 q - a potion of mutation {unknown}


   Skills:
 - Level 3.0 Fighting
 - Level 6.0 Ranged Weapons
 * Level 2.5 Dodging
 - Level 1.0 Stealth


You had 4 spell levels left.
You didn't know any spells.
Your spell library contained the following spells:

 Spells                   Type           Power      Damage    Failure   Level
 Static Discharge         Conj/Air       0%         2-2/arc   56%         2
 Vhi's Electric Charge    Tloc/Air       0%         N/A       80%         3
 Arcjolt                  Conj/Air       0%         1d10      100%        5
 Lightning Bolt           Conj/Air       0%         1d11      100%        5


Dungeon Overview and Level Annotations

Branches:
Dungeon (3/15)

Shops:
D:1 ?


Innate Abilities, Weirdness & Mutations

You have an increased reservoir of magic. (+10% MP)
You shall have no god before yourself.
Your divine heritage dramatically boosts your attributes as you level up.


Message History

The arrow hits the orc but does no damage.
The orc is almost dead.
The orc hits you with a +1 hand axe of venom.
You are poisoned.
The orc hits you but does no damage.
The orc priest mumbles some strange prayers to Beogh against you.
Beogh smites you!
Fire: a) +0 shortbow
Press: ? - help, Q - select action Shift-Dir - straight line, f/p - orc
Aim: an orc, wielding a +1 hand axe of venom and wearing a +0 leather armour (almost dead, 66% to hit)
You shoot an arrow. The arrow hits the orc!
You kill the orc!
You feel very sick.
Fire: a) +0 shortbow
Press: ? - help, Q - select action Shift-Dir - straight line, f - orc priest
Aim: an orc priest, wielding a +0 whip and wearing a +0 ring mail (almost dead, 69% to hit)
You shoot an arrow.
The arrow closely misses the orc priest.
The arrow closely misses the orc priest.
You feel sick. The orc priest misses you.
Fire: a) +0 shortbow
Press: ? - help, Q - select action Shift-Dir - straight line, f/p - orc priest
Aim: an orc priest, wielding a +0 whip and wearing a +0 ring mail (almost dead, 69% to hit)
You shoot an arrow. The arrow hits the orc priest!
You kill the orc priest!
You feel sick.
Fire: a) +0 shortbow
Press: ? - help, Q - select action Shift-Dir - straight line, f - orc
Aim: an orc, wielding a +0 trident (66% to hit)
You shoot an arrow. The arrow barely misses the orc.
You feel sick. The orc barely misses you.
The orc priest hits you with a +0 mace. The orc barely misses you.
The orc priest calls down the wrath of Beogh upon you.
Beogh smites you!
* * * LOW HITPOINT WARNING * * *
You feel sick. The orc hits you but does no damage.
You feel sick.
The orc priest attacks as you move away!
The orc priest hits you with a +0 mace.
You die...

##.≈.# ..≈.# #.≈.# ≈
#.≈.# ≈.#####.≈.#
≈.......≈.##########
≈≈≈≈≈≈≈≈≈...........
..........##########
.....).<.@oo.>.....
.........##.#.#####
.........##)# #
....[....##)#
#####+#####.# #.#
#.. ..# #(. #.# #.(
#.# ..(.#.#


You could see an orc priest and an orc.

Vanquished Creatures
  Sigmund (D:3)
  An orc priest (D:3)
  3 gnolls (D:2)
  2 adders (D:2)
  3 dart slugs
  An orc (D:3)
  An endoplasm (D:1)
  2 giant cockroaches (D:1)
  6 goblins
  4 hobgoblins (D:2)
  5 jackals
  6 ball pythons
  6 bats (D:1)
  3 frilled lizards
  3 kobolds
  6 rats (D:1)
53 creatures vanquished.

Notes
Turn   | Place    | Note
-------+----------+-------------------------------------------
     0 | D:1      | avis the Demigod Hunter began the quest for the Orb.
     0 | D:1      | Reached XP level 1. HP: 17/17 MP: 3/3
   143 | D:1      | Reached skill level 4 in Ranged Weapons
   228 | D:1      | Reached XP level 2. HP: 24/24 MP: 4/4
   469 | D:1      | Found Relobagu's Magic Scroll Emporium.
   480 | D:1      | Reached XP level 3. HP: 16/29 MP: 5/5
   875 | D:1      | Bought a scroll of noise for 10 gold pieces
   875 | D:1      | Bought a scroll of identify for 20 gold pieces
  1179 | D:2      | Reached skill level 5 in Ranged Weapons
  1283 | D:2      | Reached XP level 4. HP: 29/36 MP: 6/6
  1688 | D:1      | Bought a scroll of poison for 40 gold pieces
  1803 | D:3      | Noticed Sigmund
  1813 | D:3      | Killed Sigmund
  1814 | D:3      | Reached skill level 6 in Ranged Weapons
  1814 | D:3      | Reached skill level 1 in Stealth
  1814 | D:3      | Reached XP level 5. HP: 45/45 MP: 7/7
  1824 | D:3      | Slain by an orc priest

Illustrated notes

Levels and vault maps discovered:
D:1:      eino_arrival_druids_welcome, layout_loops_ring, serial_shops,
          shop_scrolls
D:2:      layout_basic, hellmonk_ecumenical_altar_leap_of_faith, basic_altar
D:3:      layout_basic, mainiacjoe_overflow_brackets,
          nicolae_sif_muna_little_library, uniq_sigmund

Skill      XL: |  1  2  3  4 |
---------------+-------------+-----
Fighting       | 2 3 |  3.0
Ranged Weapons | 4 5 6 |  6.0
Dodging        | 2 |  2.5
Stealth        | 1 |  1.0

Action                     |  1- 3 |  4- 6 || total
---------------------------+-------+-------++-------
   Fire: Shortbow          |   112 |    34 ||   146
  Throw: Dart              |       |     4 ||     4
    Use: Scroll            |     4 |       ||     4
 Armour: Leather armour    |    24 |     4 ||    28
  Dodge: Dodged            |    53 |    13 ||    66

Table legend: (Time is in decaauts)
 A = Elapsed time spent in this place.
 B = Non-inter-level travel time spent in this place.
 C = Inter-level travel time spent in this place.
 D = Time resting spent in this place.
 E = Time spent auto-exploring this place.
 F = Levels seen in this place.
 G = Mean time per level.
                   A        B        C        D        E       F      G
               +--------+--------+--------+--------+--------+-----+--------+
         Total |   1871 |   1555 |    316 |    222 |    911 |   3 |  623.7 |
       Dungeon |   1871 |   1555 |    316 |    222 |    911 |   3 |  623.7 |
               +--------+--------+--------+--------+--------+-----+--------+

Top non-repeatable levels by time:
     D:1: 1085 daAuts
     D:2: 737 daAuts
     D:3: 48 daAuts
